cohdb
Replays
Latest Replays
All Replays
Popular Replays
Top Player Replays
Match Explorer
How It Works
Community
CoH3 Stats
Reddit
Sign in to upload your games and track your stats! →
Sign in with Steam
Match 32495787
Unlisted
Match 32495787
Overview
Messages
Build Orders
End
Pioneer Squad
Selects Italian Coastal Battlegroup
Selects Coastal Reserves
Coastal Reserve
Coastal Reserve
Coastal Reserve
Construct Infanterie Kompanie
MG 42 Machine Gun Team
Construct Luftwaffe Kompanie
Jäger Squad
Selects Support Bunkers
Flak 30 Anti-aircraft Gun Team
Medical Bunker
Support Elements
Wirbelwind Flakpanzer
Selects Designated Artillery Overwatch
Designated Artillery Overwatch
Selects Artillery Officer
Artillery Officer
Wirbelwind Flakpanzer
Selects Obice da 210/22 Artillery Emplacement
Designated Artillery Overwatch
Artillery Officer
el campo
MaXiS
SLush
YoSleepy
0
0
Comments
sign in to comment!
No comments posted yet!